 Dungeon Crawl Stone Soup version 0.31-a0-232-gb1c03b2570 (webtiles) character file.

Game seed: 11782416245722952557

78 qw the Shooter (level 4, -5/27 HPs)
             Began as a Gargoyle Hexslinger on July 7, 2023.
             Slain by Sigmund
             ... wielding a +0 scythe
              (9 damage)
             ... on level 2 of the Dungeon.
             The game lasted 00:00:28 (1284 turns).

qw the Shooter (Gargoyle Hexslinger)                Turns: 1284, Time: 00:00:28

Health: -5/27      AC:  9    Str: 12    XL:     4   Next: 36%
Magic:  5/5        EV: 11    Int: 13    God:
Gold:   59         SH:  0    Dex: 14    Spells: 4/5 levels left

rFire   . . .        Y - +2 sling
rCold   . . .        (no shield)
rNeg    + . .        m - +3 leather armour
rPois   inf          (no helmet)
rElec   +            (no cloak)
rCorr   .            (no gloves)
SInv    .            (no boots)
Will    .....        (no amulet)
Stlth   +            (no ring)
HPRegen 0.24/turn    (no ring)
MPRegen 0.09/turn

%: no passive effects
@: no status effects
A: sickness immunity, AC +3, negative energy resistance 1, electricity
resistance, torment resistance 1, petrification resistance
a: no special abilities


You were on level 2 of the Dungeon.
You visited 1 branch of the dungeon, and saw 2 of its levels.

You collected 59 gold pieces.


Innate Abilities, Weirdness & Mutations

You are immune to sickness and miasma.
Your stone body is resilient. (AC +3)
You are immune to poison.
You resist negative energy. (rN+)
You are resistant to electric shocks. (rElec)
You are resistant to unholy torment.
You are immune to petrification.


   Skills:
 - Level 2.8 Fighting
 + Level 3.6 Ranged Weapons
 - Level 1.5 Dodging
 - Level 1.0 Spellcasting
 - Level 2.6 Hexes


You had 4 spell levels left.
You knew the following spells:

 Your Spells              Type           Power      Damage    Failure   Level
a - Slow                  Hex            28%        N/A       12%         1

Your spell library contained the following spells:

 Spells                   Type           Power      Damage    Failure   Level
 Inner Flame              Hex/Fire       4%         N/A       52%         3
 Portal Projectile        Hex/Tloc       8%         N/A       52%         3
 Cause Fear               Hex            3%         N/A       75%         4

Inventory:

Hand Weapons
 Y - a +2 sling (weapon)
Armour
 b - a +0 cloak
 d - a +0 helmet of see invisible
 m - a +3 leather armour (worn)
Scrolls
 a - a scroll of identify
 c - a scroll of teleportation {unknown}
 j - 2 scrolls of enchant armour
Potions
 e - a potion of brilliance {unknown}
 f - a potion of might {unknown}
 h - a potion of ambrosia {unknown}
 i - a potion of lignification {unknown}

Dungeon Overview and Level Annotations

Branches:
Dungeon (2/15)

Altars:

Annotations:
D:2 Sigmund


Message History

Enter note:
Enter note:
Enter note:
Enter note: You shoot a sling bullet.
The sling bullet hits Sigmund!
Sigmund is moderately wounded.
Sigmund casts a spell.
Sigmund flickers and vanishes!
Deactivating autopickup; reactivate with Ctrl-A.
You shoot a sling bullet.
You hear some strange, mumbled words.
Something tries to affect you, but you resist.
You shoot a sling bullet. Something hits you.
You shoot a sling bullet. Something hits you!
You shoot a sling bullet. Something hits you but does no damage.
You shoot a sling bullet. You shoot a sling bullet.
Something hits you but does no damage.
You shoot a sling bullet. Something hits you.
You shoot a sling bullet. Something hits you.
You shoot a sling bullet. Something hits you but does no damage.
You shoot a sling bullet. Something barely misses you.
You shoot a sling bullet. You shoot a sling bullet.
You hear some strange, mumbled words.
Something tries to affect you, but you resist.
Something hits you but does no damage.
You shoot a sling bullet. You shoot a sling bullet. Something hits you!
You shoot a sling bullet. Something hits you!
You die...

.
#.#.#
# .
#.#.#
#
#.#.#
#.#.#
#.#.#
#.#.#
#{#.#
#.#.#
#.@.#
#####


There were no monsters in sight!

Vanquished Creatures
  Jessica (D:2)
  3 gnolls (D:2)
  4 goblins
  2 hobgoblins (D:1)
  4 kobolds
  4 quokkas
  2 ball pythons (D:1)
  A bat (D:1)
  A frilled lizard (D:2)
  3 rats (D:1)
25 creatures vanquished.

Notes
Turn   | Place    | Note
-------+----------+-------------------------------------------
     0 | D:1      | qw the Gargoyle Hexslinger began the quest for the Orb.
     0 | D:1      | Reached XP level 1. HP: 12/12 MP: 2/2
     0 | D:1      | 0 ||| qw: Version: 0.3-a-46-gb1f654a
     0 | D:1      | 0 ||| qw: Game counter: 2226
     0 | D:1      | 0 ||| qw: Melee chars always use a shield: true
     0 | D:1      | 0 ||| qw: God list: Okawaru
     0 | D:1      | 0 ||| qw: Allow faded altars: false
     0 | D:1      | 0 ||| qw: Do Orc after clearing Dungeon:15 true
     0 | D:1      | 0 ||| qw: Do second Lair branch before Depths: true
     0 | D:1      | 0 ||| qw: Lair rune preference: random
     0 | D:1      | 0 ||| qw: Goals: Normal
     0 | D:1      | 0 ||| PLANNING D:1-11
   127 | D:1      | Reached XP level 2. HP: 16/16 MP: 3/3
   225 | D:1      | Reached skill level 3 in Ranged Weapons
   636 | D:1      | 636 ||| UPGRADING to +2 robe of willpower.
   646 | D:1      | 646 ||| DROPPING +0 robe.
   647 | D:1      | 647 ||| UPGRADING to +3 leather armour.
   657 | D:1      | 657 ||| DROPPING +2 robe of willpower.
   658 | D:1      | 658 ||| READING 2 scrolls labelled QUGGACUM MIALY.
   659 | D:1      | 659 ||| READING 2 scrolls labelled DEOCVATONE.
   660 | D:1      | 660 ||| READING 3 scrolls labelled DEX WOELATZONI.
   661 | D:1      | 661 ||| READING scroll labelled QAADIR YDGHOCRY.
   662 | D:1      | 662 ||| READING scroll labelled KOXTIJ BYRUUT.
   663 | D:1      | 663 ||| DROPPING scroll of poison.
   664 | D:1      | 664 ||| DROPPING scroll of fear.
   859 | D:2      | Noticed Jessica
   865 | D:2      | Killed Jessica
   866 | D:2      | Reached XP level 3. HP: 22/22 MP: 4/4
   892 | D:2      | HP: 5/22 [gnoll/+0 club (3)]
   895 | D:2      | HP: 2/22 [gnoll/+0 club (4)]
   897 | D:2      | Reached XP level 4. HP: 3/27 MP: 5/5
  1268 | D:2      | Noticed Sigmund
  1283 | D:2      | HP: 3/27 [something (10)]
  1284 | D:2      | Slain by Sigmund

Levels and vault maps discovered:
D:1:      dpeg_arrival_round_c, layout_basic, serial_glass, glass_columns_c,
          glass_columns_b, minmay_door_square, minmay_pentomino_v2
D:2:      layout_basic, uniq_jessica, uniq_sigmund

Skill      XL: |  1  2 |
---------------+-------+-----
Ranged Weapons | 3 |  3.6
Fighting       | 2 |  2.8
Dodging        | |  1.5
Spellcasting   | |  1.0
Hexes          | |  2.6

Action                     |  1- 3 |  4- 6 || total
---------------------------+-------+-------++-------
   Fire: Sling             |    74 |    27 ||   101
    Use: Scroll            |     5 |       ||     5
 Armour: Robe              |     6 |       ||     6
         Leather armour    |     1 |     7 ||     8
  Dodge: Dodged            |    16 |     2 ||    18

Table legend:
 A = Non-vault XP
 B = Vault XP
 C = Vault XP percentage of total XP
 D = Non-vault monster count
 E = Vault monster count
 F = Vault count percentage of total count
                 A         B        C        D         E       F
            +---------+---------+-------+---------+---------+-------
      Total |      72 |      40 |  35.7 |      22 |       3 |  12.0
            +---------+---------+-------+---------+---------+-------
        D:1 |      23 |       3 |  11.5 |      15 |       2 |  11.8
        D:2 |      49 |      37 |  43.0 |       7 |       1 |  12.5
            +---------+---------+-------+---------+---------+-------
